Workbook

Sheet Umsatzplanung
A2: Businessplan - Finanzplanung für
A4: Umsatzplanung
A7: Bereich:
A8: Verantwortlich:
A9: Basisjahr: | B9: 2019
A12: Leistungen | B12: =B9 -> 2019 | E12: =B12+1 -> 2020 | H12: =E12+1 -> 2021
B13: Anzahl | C13: Basiswert | D13: Umsatz | E13: Anzahl | F13: Basiswert | G13: Umsatz | H13: Anzahl | I13: Basiswert | J13: Umsatz
A14: Produkt A | B14: 1000 | C14: 1000 | D14: =B14*C14 -> 1000000 | E14: 1000 | F14: 1000 | G14: =E14*F14 -> 1000000 | H14: 1000 | I14: 1000 | J14: =H14*I14 -> 1000000
A15: Produkt B | B15: 5000 | C15: 500 | D15: =B15*C15 -> 2500000 | E15: 7000 | F15: 500 | G15: =E15*F15 -> 3500000 | H15: 8000 | I15: 500 | J15: =H15*I15 -> 4000000
D16: =B16*C16 -> 0 | G16: =E16*F16 -> 0 | J16: =H16*I16 -> 0
D17: =B17*C17 -> 0 | G17: =E17*F17 -> 0 | J17: =H17*I17 -> 0
D18: =B18*C18 -> 0 | G18: =E18*F18 -> 0 | J18: =H18*I18 -> 0
D19: =B19*C19 -> 0 | G19: =E19*F19 -> 0 | J19: =H19*I19 -> 0
D20: =B20*C20 -> 0 | G20: =E20*F20 -> 0 | J20: =H20*I20 -> 0
D21: =B21*C21 -> 0 | G21: =E21*F21 -> 0 | J21: =H21*I21 -> 0
D22: =B22*C22 -> 0 | G22: =E22*F22 -> 0 | J22: =H22*I22 -> 0
D23: =B23*C23 -> 0 | G23: =E23*F23 -> 0 | J23: =H23*I23 -> 0
D24: =B24*C24 -> 0 | G24: =E24*F24 -> 0 | J24: =H24*I24 -> 0
A25: Gesamt | D25: =SUM(D14:D24) -> 3500000 | G25: =SUM(G14:G24) -> 4500000 | J25: =SUM(J14:J24) -> 5000000

Sheet Personalkostenplanung
A2: Businessplan - Finanzplanung für
A4: Personalkostenplanung
A7: Bereich:
A8: Verantwortlich:
A9: Basisjahr: | B9: =Umsatzplanung!B9 -> 2019
A12: Personalbedarf | B12: =B9 -> 2019 | F12: =B12+1 -> 2020 | J12: =F12+1 -> 2021
B13: Anzahl | C13: Jahresgehalt (brutto) | D13: Nebenkosten | E13: Gesamt | F13: Anzahl | G13: Jahresgehalt (brutto) | H13: Nebenkosten | I13: Gesamt | J13: Anzahl | K13: Jahresgehalt (brutto) | L13: Sozialkosten | M13: Gesamt
A14: Geschäftsführer/Management | B14: 1 | C14: 80000 | D14: =C14*0.2 -> 16000 | E14: =(C14+D14)*B14 -> 96000 | F14: 1 | G14: 80000 | H14: =G14*0.2 -> 16000 | I14: =(G14+H14)*F14 -> 96000 | J14: 1 | K14: 80000 | L14: =K14*0.2 -> 16000 | M14: =(K14+L14)*J14 -> 96000
A15: Vertrieb | B15: 2 | C15: 50000 | D15: =C15*0.2 -> 10000 | E15: =(C15+D15)*B15 -> 120000 | F15: 2 | G15: 50000 | H15: =G15*0.2 -> 10000 | I15: =(G15+H15)*F15 -> 120000 | J15: 2 | K15: 50000 | L15: =K15*0.2 -> 10000 | M15: =(K15+L15)*J15 -> 120000
A16: Marketing/PR | B16: 1 | C16: 30000 | D16: =C16*0.2 -> 6000 | E16: =(C16+D16)*B16 -> 36000 | F16: 1 | G16: 30000 | H16: =G16*0.2 -> 6000 | I16: =(G16+H16)*F16 -> 36000 | J16: 1 | K16: 30000 | L16: =K16*0.2 -> 6000 | M16: =(K16+L16)*J16 -> 36000
A17: Produktion A | B17: 5 | C17: 30000 | D17: =C17*0.2 -> 6000 | E17: =(C17+D17)*B17 -> 180000 | F17: 5 | G17: 30000 | H17: =G17*0.2 -> 6000 | I17: =(G17+H17)*F17 -> 180000 | J17: 5 | K17: 30000 | L17: =K17*0.2 -> 6000 | M17: =(K17+L17)*J17 -> 180000
A18: Produktion B | B18: 30 | C18: 24000 | D18: =C18*0.2 -> 4800 | E18: =(C18+D18)*B18 -> 864000 | F18: 30 | G18: 24000 | H18: =G18*0.2 -> 4800 | I18: =(G18+H18)*F18 -> 864000 | J18: 30 | K18: 24000 | L18: =K18*0.2 -> 4800 | M18: =(K18+L18)*J18 -> 864000
A19: Service | B19: 5 | C19: 28000 | D19: =C19*0.2 -> 5600 | E19: =(C19+D19)*B19 -> 168000 | F19: 5 | G19: 28000 | H19: =G19*0.2 -> 5600 | I19: =(G19+H19)*F19 -> 168000 | J19: 5 | K19: 28000 | L19: =K19*0.2 -> 5600 | M19: =(K19+L19)*J19 -> 168000
A20: Technik | B20: 20 | C20: 30000 | D20: =C20*0.2 -> 6000 | E20: =(C20+D20)*B20 -> 720000 | F20: 20 | G20: 30000 | H20: =G20*0.2 -> 6000 | I20: =(G20+H20)*F20 -> 720000 | J20: 20 | K20: 30000 | L20: =K20*0.2 -> 6000 | M20: =(K20+L20)*J20 -> 720000
A21: Administration | B21: 5 | C21: 24000 | D21: =C21*0.2 -> 4800 | E21: =(C21+D21)*B21 -> 144000 | F21: 5 | G21: 24000 | H21: =G21*0.2 -> 4800 | I21: =(G21+H21)*F21 -> 144000 | J21: 5 | K21: 24000 | L21: =K21*0.2 -> 4800 | M21: =(K21+L21)*J21 -> 144000
A25: Gesamt | B25: =SUM(B14:B24) -> 69 | E25: =SUM(E14:E24) -> 2328000 | F25: =SUM(F14:F24) -> 69 | I25: =SUM(I14:I24) -> 2328000 | J25: =SUM(J14:J24) -> 69 | M25: =SUM(M14:M24) -> 2328000

Sheet Sachkostenplanung
A2: Businessplan - Finanzplanung für
A4: Sachkostenplanung
A7: Bereich:
A8: Verantwortlich:
A9: Basisjahr: | B9: =Umsatzplanung!B9 -> 2019
A12: Sachbedarf | B12: =B9 -> 2019 | E12: =B12+1 -> 2020 | H12: =E12+1 -> 2021
B13: Anzahl | C13: Basiswert | D13: Kosten | E13: Anzahl | F13: Basiswert | G13: Kosten | H13: Anzahl | I13: Basiswert | J13: Kosten
A14: Material/ Wareneinkauf | B14: 5000 | C14: 100 | D14: =B14*C14 -> 500000 | E14: 5000 | F14: 100 | G14: =E14*F14 -> 500000 | H14: 5000 | I14: 100 | J14: =H14*I14 -> 500000
A15: Kapitalkosten | D15: =B15*C15 -> 0 | G15: =E15*F15 -> 0 | J15: =H15*I15 -> 0
A16: Raumkosten | B16: 12 | C16: 10000 | D16: =B16*C16 -> 120000 | E16: 12 | F16: 10000 | G16: =E16*F16 -> 120000 | H16: 12 | I16: 10000 | J16: =H16*I16 -> 120000
A17: sonstige Fremdleistungen | B17: 1 | C17: 100000 | D17: =B17*C17 -> 100000 | E17: 1 | F17: 100000 | G17: =E17*F17 -> 100000 | H17: 1 | I17: 100000 | J17: =H17*I17 -> 100000
A18: Fahrzeuge | B18: 5 | C18: 20000 | D18: =B18*C18 -> 100000 | E18: 5 | F18: 20000 | G18: =E18*F18 -> 100000 | H18: 5 | I18: 20000 | J18: =H18*I18 -> 100000
A19: Anlagen/ Leasing | D19: =B19*C19 -> 0 | G19: =E19*F19 -> 0 | J19: =H19*I19 -> 0
A20: Reparatur/ Instandhaltung | D20: =B20*C20 -> 0 | G20: =E20*F20 -> 0 | J20: =H20*I20 -> 0
A21: Marketing | B21: 1 | C21: 300000 | D21: =B21*C21 -> 300000 | E21: 1 | F21: 300000 | G21: =E21*F21 -> 300000 | H21: 1 | I21: 300000 | J21: =H21*I21 -> 300000
A22: Vertrieb | B22: 1 | C22: 300000 | D22: =B22*C22 -> 300000 | E22: 1 | F22: 300000 | G22: =E22*F22 -> 300000 | H22: 1 | I22: 300000 | J22: =H22*I22 -> 300000
A23: Verwaltung | B23: 1 | C23: 70000 | D23: =B23*C23 -> 70000 | E23: 1 | F23: 70000 | G23: =E23*F23 -> 70000 | H23: 1 | I23: 70000 | J23: =H23*I23 -> 70000
A24: Personalbeschaffung | D24: =B24*C24 -> 0 | G24: =E24*F24 -> 0 | J24: =H24*I24 -> 0
A25: Weiterbildung | D25: =B25*C25 -> 0 | G25: =E25*F25 -> 0 | J25: =H25*I25 -> 0
A26: Reisen | D26: =B26*C26 -> 0 | G26: =E26*F26 -> 0 | J26: =H26*I26 -> 0
A27: Steuern | D27: =B27*C27 -> 0 | G27: =E27*F27 -> 0 | J27: =H27*I27 -> 0
A28: sonstige Kosten | D28: =B28*C28 -> 0 | G28: =E28*F28 -> 0 | J28: =H28*I28 -> 0
A32: Gesamt | D32: =SUM(D14:D31) -> 1490000 | G32: =SUM(G14:G31) -> 1490000 | J32: =SUM(J14:J31) -> 1490000

Sheet Investitonsplanung
A2: Businessplan - Finanzplanung für
A4: Investitionsplanung
A7: Bereich:
A8: Verantwortlich:
A9: Basisjahr: | B9: =Umsatzplanung!B9 -> 2019
A12: Investition | B12: =B9 -> 2019 | F12: =B12+1 -> 2020 | J12: =F12+1 -> 2021
B13: Anzahl | C13: Anschaffungs- kosten | D13: Nebenkosten | E13: Gesamt | F13: Anzahl | G13: Anschaffungs- kosten | H13: Nebenkosten | I13: Gesamt | J13: Anzahl | K13: Anschaffungs- kosten | L13: Nebenkosten | M13: Gesamt
A14: Gebäude | E14: =(C14+D14)*B14 -> 0 | I14: =(G14+H14)*F14 -> 0 | M14: =(K14+L14)*J14 -> 0
A15: Einrichtung | E15: =(C15+D15)*B15 -> 0 | I15: =(G15+H15)*F15 -> 0 | M15: =(K15+L15)*J15 -> 0
A16: Maschinen/ Anlagen | B16: 20 | C16: 100000 | E16: =(C16+D16)*B16 -> 2000000 | I16: =(G16+H16)*F16 -> 0 | M16: =(K16+L16)*J16 -> 0
A17: EDV | B17: 40 | C17: 1000 | E17: =(C17+D17)*B17 -> 40000 | I17: =(G17+H17)*F17 -> 0 | M17: =(K17+L17)*J17 -> 0
A18: Finanzanlagen | E18: =(C18+D18)*B18 -> 0 | I18: =(G18+H18)*F18 -> 0 | M18: =(K18+L18)*J18 -> 0
A19: Rechte | B19: 1 | C19: 300000 | E19: =(C19+D19)*B19 -> 300000 | I19: =(G19+H19)*F19 -> 0 | M19: =(K19+L19)*J19 -> 0
E20: =(C20+D20)*B20 -> 0 | I20: =(G20+H20)*F20 -> 0 | M20: =(K20+L20)*J20 -> 0
E21: =(C21+D21)*B21 -> 0 | I21: =(G21+H21)*F21 -> 0 | M21: =(K21+L21)*J21 -> 0
E22: =(C22+D22)*B22 -> 0 | I22: =(G22+H22)*F22 -> 0 | M22: =(K22+L22)*J22 -> 0
E23: =(C23+D23)*B23 -> 0 | I23: =(G23+H23)*F23 -> 0 | M23: =(K23+L23)*J23 -> 0
E24: =(C24+D24)*B24 -> 0 | I24: =(G24+H24)*F24 -> 0 | M24: =(K24+L24)*J24 -> 0
A25: Gesamt | E25: =SUM(E14:E24) -> 2340000 | I25: =SUM(I14:I24) -> 0 | M25: =SUM(M14:M24) -> 0

Sheet Abschreibungen
A2: Businessplan - Finanzplanung für
A4: Abschreibungen/ Investitionskosten
A7: Bereich:
A8: Verantwortlich:
A9: Basisjahr: | B9: =Umsatzplanung!B9 -> 2019
A12: Abschreibungen | B12: =B9 -> 2019 | E12: =B12+1 -> 2020 | H12: =E12+1 -> 2021
B13: Basiswert | C13: %-Satz | D13: Abschreibung | E13: Basiswert | F13: %-Satz | G13: Abschreibung | H13: Basiswert | I13: %-Satz | J13: Abschreibung
A14: =Investitonsplanung!A14 -> Gebäude | B14: =Investitonsplanung!E14 -> 0 | D14: =B14*C14 -> 0 | E14: =Investitonsplanung!E14+Investitonsplanung!I14 -> 0 | G14: =E14*F14 -> 0 | H14: =Investitonsplanung!E14+Investitonsplanung!I14+Investitonsplanung!M14 -> 0 | J14: =H14*I14 -> 0
A15: =Investitonsplanung!A15 -> Einrichtung | B15: =Investitonsplanung!E15 -> 0 | D15: =B15*C15 -> 0 | E15: =Investitonsplanung!E15+Investitonsplanung!I15 -> 0 | G15: =E15*F15 -> 0 | H15: =Investitonsplanung!E15+Investitonsplanung!I15+Investitonsplanung!M15 -> 0 | J15: =H15*I15 -> 0
A16: =Investitonsplanung!A16 -> Maschinen/ Anlagen | B16: =Investitonsplanung!E16 -> 2000000 | C16: 0.1 | D16: =B16*C16 -> 200000 | E16: =Investitonsplanung!E16+Investitonsplanung!I16 -> 2000000 | F16: 0.1 | G16: =E16*F16 -> 200000 | H16: =Investitonsplanung!E16+Investitonsplanung!I16+Investitonsplanung!M16 -> 2000000 | I16: 0.1 | J16: =H16*I16 -> 200000
A17: =Investitonsplanung!A17 -> EDV | B17: =Investitonsplanung!E17 -> 40000 | C17: 0.25 | D17: =B17*C17 -> 10000 | E17: =Investitonsplanung!E17+Investitonsplanung!I17 -> 40000 | F17: 0.25 | G17: =E17*F17 -> 10000 | H17: =Investitonsplanung!E17+Investitonsplanung!I17+Investitonsplanung!M17 -> 40000 | I17: 0.25 | J17: =H17*I17 -> 10000
A18: =Investitonsplanung!A18 -> Finanzanlagen | B18: =Investitonsplanung!E18 -> 0 | D18: =B18*C18 -> 0 | E18: =Investitonsplanung!E18+Investitonsplanung!I18 -> 0 | G18: =E18*F18 -> 0 | H18: =Investitonsplanung!E18+Investitonsplanung!I18+Investitonsplanung!M18 -> 0 | J18: =H18*I18 -> 0
A19: =Investitonsplanung!A19 -> Rechte | B19: =Investitonsplanung!E19 -> 300000 | C19: 0.05 | D19: =B19*C19 -> 15000 | E19: =Investitonsplanung!E19+Investitonsplanung!I19 -> 300000 | F19: 0.05 | G19: =E19*F19 -> 15000 | H19: =Investitonsplanung!E19+Investitonsplanung!I19+Investitonsplanung!M19 -> 300000 | I19: 0.05 | J19: =H19*I19 -> 15000
A20: =Investitonsplanung!A20 -> 0 | B20: =Investitonsplanung!E20 -> 0 | D20: =B20*C20 -> 0 | E20: =Investitonsplanung!E20+Investitonsplanung!I20 -> 0 | G20: =E20*F20 -> 0 | H20: =Investitonsplanung!E20+Investitonsplanung!I20+Investitonsplanung!M20 -> 0 | J20: =H20*I20 -> 0
A21: =Investitonsplanung!A21 -> 0 | B21: =Investitonsplanung!E21 -> 0 | D21: =B21*C21 -> 0 | E21: =Investitonsplanung!E21+Investitonsplanung!I21 -> 0 | G21: =E21*F21 -> 0 | H21: =Investitonsplanung!E21+Investitonsplanung!I21+Investitonsplanung!M21 -> 0 | J21: =H21*I21 -> 0
A22: =Investitonsplanung!A22 -> 0 | B22: =Investitonsplanung!E22 -> 0 | D22: =B22*C22 -> 0 | E22: =Investitonsplanung!E22+Investitonsplanung!I22 -> 0 | G22: =E22*F22 -> 0 | H22: =Investitonsplanung!E22+Investitonsplanung!I22+Investitonsplanung!M22 -> 0 | J22: =H22*I22 -> 0
A23: Gesamt | D23: =SUM(D14:D22) -> 225000 | G23: =SUM(G14:G22) -> 225000 | J23: =SUM(J14:J22) -> 225000

Sheet Gewinn- und Verlustrechnung
A2: Businessplan - Finanzplanung für
A4: Gewinn- und Verlustrechnung
A7: Bereich:
A8: Verantwortlich:
A9: Basisjahr: | B9: =Umsatzplanung!B9 -> 2019
B12: =B9 -> 2019 | C12: =B12+1 -> 2020 | D12: =C12+1 -> 2021
A13: Umsatzerlöse | B13: =Umsatzplanung!D25 -> 3500000 | C13: =Umsatzplanung!G25 -> 4500000 | D13: =Umsatzplanung!J25 -> 5000000
A15: Aufwand
A16: Personalkosten | B16: =Personalkostenplanung!E25 -> 2328000 | C16: =Personalkostenplanung!I25 -> 2328000 | D16: =Personalkostenplanung!M25 -> 2328000
A17: Sachkosten | B17: =Sachkostenplanung!D32 -> 1490000 | C17: =Sachkostenplanung!G32 -> 1490000 | D17: =Sachkostenplanung!J32 -> 1490000
A18: Abschreibungen | B18: =Abschreibungen!D23 -> 225000 | C18: =Abschreibungen!G23 -> 225000 | D18: =Abschreibungen!J23 -> 225000
A20: Gesamtkosten | B20: =SUM(B16:B19) -> 4043000 | C20: =SUM(C16:C19) -> 4043000 | D20: =SUM(D16:D19) -> 4043000
A22: operatives Ergebnis | B22: =B13-B20 -> -543000 | C22: =C13-C20 -> 457000 | D22: =D13-D20 -> 957000

Sheet Cashflow-Rechnung
A2: Businessplan - Finanzplanung für
A4: Cashflow
A7: Bereich:
A8: Verantwortlich:
A9: Basisjahr: | B9: =Umsatzplanung!B9 -> 2019
B12: =B9 -> 2019 | C12: =B12+1 -> 2020 | D12: =C12+1 -> 2021
A13: operatives Ergebnis | B13: ='Gewinn- und Verlustrechnung'!B22 -> -543000 | C13: ='Gewinn- und Verlustrechnung'!C22 -> 457000 | D13: ='Gewinn- und Verlustrechnung'!D22 -> 957000
A14: Abschreibungen | B14: =Abschreibungen!D23 -> 225000 | C14: =Abschreibungen!G23 -> 225000 | D14: =Abschreibungen!J23 -> 225000
A16: Cashflow vor Investitionen | B16: =B13+B14 -> -318000 | C16: =C13+C14 -> 682000 | D16: =D13+D14 -> 1182000
A17: Investitionen | B17: =Investitonsplanung!E25 -> 2340000 | C17: =Investitonsplanung!I25 -> 0 | D17: =Investitonsplanung!M25 -> 0
A19: Cashflow nach Investitionen | B19: =B16-B17 -> -2658000 | C19: =C16-C17 -> 682000 | D19: =D16-D17 -> 1182000
A21: Kapitalbedarf | B21: =-B19 -> 2658000 | C21: =-C19 -> -682000 | D21: =-D19 -> -1182000
A22: Kapitalbedarf kumuliert | B22: =B21 -> 2658000 | C22: =B22+C21 -> 1976000 | D22: =C22+D21 -> 794000

Sheet Kennzahlen
A2: Businessplan - Finanzplanung für
A4: Kennzahlen
A7: Bereich:
A8: Verantwortlich:
A9: Basisjahr: | B9: =Umsatzplanung!B9 -> 2019
A12: Kennzahl | B12: =B9 -> 2019 | C12: =B12+1 -> 2020 | D12: =C12+1 -> 2021
A13: Umsatzerlöse | B13: =Umsatzplanung!D25 -> 3500000 | C13: =Umsatzplanung!G25 -> 4500000 | D13: =Umsatzplanung!J25 -> 5000000
A15: Gesamtkosten | B15: ='Gewinn- und Verlustrechnung'!B20 -> 4043000 | C15: ='Gewinn- und Verlustrechnung'!C20 -> 4043000 | D15: ='Gewinn- und Verlustrechnung'!D20 -> 4043000
A17: Anzahl der Mitarbeiter | B17: =Personalkostenplanung!B25 -> 69 | C17: =Personalkostenplanung!F25 -> 69 | D17: =Personalkostenplanung!J25 -> 69
A18: Umsatz pro Mitarbeiter | B18: =B13/B17 -> 50724.638 | C18: =C13/C17 -> 65217.391 | D18: =D13/D17 -> 72463.768
A19: Kosten pro Mitarbeiter | B19: =B15/B17 -> 58594.203 | C19: =C15/C17 -> 58594.203 | D19: =D15/D17 -> 58594.203
A21: operatives Ergebnis | B21: ='Gewinn- und Verlustrechnung'!B22 -> -543000 | C21: ='Gewinn- und Verlustrechnung'!C22 -> 457000 | D21: ='Gewinn- und Verlustrechnung'!D22 -> 957000
A22: Umsatzrendite | B22: =B21/B13 -> -0.15514286 | C22: =C21/C13 -> 0.10155556 | D22: =D21/D13 -> 0.1914
A24: Cashflow | B24: ='Cashflow-Rechnung'!B16 -> -318000 | C24: ='Cashflow-Rechnung'!C16 -> 682000 | D24: ='Cashflow-Rechnung'!D16 -> 1182000
A26: Kapitalbedarf | B26: ='Cashflow-Rechnung'!B21 -> 2658000 | C26: ='Cashflow-Rechnung'!C21 -> -682000 | D26: ='Cashflow-Rechnung'!D21 -> -1182000
A27: Kapitalbedarf kumuliert | B27: ='Cashflow-Rechnung'!B22 -> 2658000 | C27: ='Cashflow-Rechnung'!C22 -> 1976000 | D27: ='Cashflow-Rechnung'!D22 -> 794000
